 Dungeon Crawl Stone Soup version 0.25-a0-378-gd2ca0b7745 (webtiles) character file.

Game seed: 16577744514040932799, levelgen mode: deterministic

26 PentaManta the Ruffian (level 3, -3/31 (33) HPs)
             Began as a Ghoul Monk on Jan 7, 2020.
             Slain by an adder (5 damage)
             ... on level 3 of the Dungeon.
             The game lasted 00:02:40 (634 turns).

PentaManta the Ruffian (Ghoul Monk)                  Turns: 634, Time: 00:02:40

HP:   -3/31 (33)    AC:  2    Str: 15    XL:     3   Next: 8%
MP:   2/2           EV: 13    Int:  5    God:
Gold: 52            SH:  0    Dex: 11    Spells: 2/2 levels left

rFire    . . .     SeeInvis .     - Unarmed
rCold    + . .     Gourm    .   (no shield)
rNeg     + + +     Faith    .   a - +0 robe
rPois    ∞         Spirit   .   (no helmet)
rElec    .         Reflect  .   (no cloak)
rCorr    .         Harm     .   (no gloves)
MR       .....                  (no boots)
Stlth    ++........             (no amulet)
HPRegen  0.00/turn              (no ring)
MPRegen  0.08/turn              (no ring)

@: rotting
A: rotting body, claws 1, carnivore, cold resistance 1, negative energy
resistance 3, inhibited regeneration, torment resistance, unbreathing
a: no special abilities


You were on level 3 of the Dungeon.
You were not hungry.

You visited 1 branch of the dungeon, and saw 3 of its levels.

You collected 52 gold pieces.

Inventory:

Missiles
 d - 14 poisoned darts (quivered)
Armour
 a - a +0 robe (worn)
Scrolls
 e - a scroll of identify {unknown}
 f - a scroll of enchant armour {unknown}
Potions
 c - a potion of heal wounds {unknown}
Comestibles
 b - a ration


   Skills:
 + Level 3.7 Fighting
 + Level 3.1 Dodging
 - Level 2.1 Stealth
 + Level 3.7 Unarmed Combat


You had 2 spell levels left.
You didn't know any spells.
Your spell library was empty.

Dungeon Overview and Level Annotations

Branches:
Dungeon (3/15)

Altars:


Innate Abilities, Weirdness & Mutations

Your body is rotting away.
You thrive on raw meat.
You are immune to poison.
You have sharp fingernails.
You are carnivorous and can eat meat at any time.
Your flesh is cold resistant. (rC+)
You are immune to negative energy. (rN+++)
You do not regenerate when monsters are visible.
You are immune to unholy pain and torment.
You can survive without breathing.


Message History

A rat comes into view.
The jackal barks! x2
The giant cockroach misses you.
The jackal barks!
The rat misses you. The jackal closely misses you. The jackal misses you.
The jackal bites you.
* * * LOW HITPOINT WARNING * * *
The jackal closely misses you. The rat bites you but does no damage.
The jackal closely misses you. The jackal barely misses you.
The jackal bites you but does no damage.
A worker ant zombie comes into view.
The jackal misses you. The jackal closely misses you.
The jackal completely misses you.
An adder comes into view.
The adder hisses angrily.
The jackal closely misses you. The jackal closely misses you.
The jackal barely misses you. The adder bites you.
You die...

..
####################...
.......@hh.h...........
.......Shs..Z..........
#....######..r..###...
.... ..#.###.# #..
#.#.#..r# .. #.#.....#
. #<....#.# #....##.#
.........#


You could see an adder, a worker ant zombie, 4 jackals, a giant cockroach and a
rat.

Vanquished Creatures
  3 giant cockroaches (D:1)
  2 goblins (D:1)
  5 hobgoblins (D:1)
  4 jackals (D:1)
  A ball python (D:1)
  2 bats (D:1)
  A frilled lizard (D:1)
  3 kobolds (D:1)
21 creatures vanquished.

Notes
Turn   | Place    | Note
-------+----------+-------------------------------------------
     0 | D:1      | PentaManta the Ghoul Monk began the quest for the Orb.
     0 | D:1      | Reached XP level 1. HP: 19/19 MP: 0/0
   196 | D:1      | Reached XP level 2. HP: 25/25 MP: 1/1
   576 | D:1      | Reached XP level 3. HP: 10/31 MP: 2/2
   634 | D:3      | Slain by an adder

Levels and vault maps discovered:
D:1:      minmay_arrival_radiant_lines, layout_basic
D:2:      layout_rooms, grunt_temple_overflow_holy_war, okawaru_metal_pillars_3,
          uniq_sigmund
D:3:      layout_basic, marbit_many_paths, ashenzari_altar_1,
          ebering_ghost_sewer_f, uniq_jessica, uniq_crazy_yiuf_cottage

Skill      XL: |  1  2 |
---------------+-------+-----
Dodging        | 3 |  3.1
Fighting       | |  3.7
Stealth        | |  2.1
Unarmed Combat | |  3.7

Action                   || total
-------------------------++-------
Melee: Unarmed           ||    66
       Punch             ||     1
 Stab: Sleeping          ||     2
  Eat: Chunk             ||     1
Armor: Robe              ||    27
Dodge: Dodged            ||    89

Table legend:
 A = Non-vault XP
 B = Vault XP
 C = Vault XP percentage of total XP
 D = Non-vault monster count
 E = Vault monster count
 F = Vault count percentage of total count
                 A         B        C        D         E       F
            +---------+---------+-------+---------+---------+-------
      Total |      38 |       0 |   0.0 |      21 |       0 |   0.0
            +---------+---------+-------+---------+---------+-------
        D:1 |      38 |       0 |   0.0 |      21 |       0 |   0.0
            +---------+---------+-------+---------+---------+-------
